 Dungeon Crawl Stone Soup version 0.31-a0-557-g6e16503903 (webtiles) character file.

Game seed: 7447362131332650593

2900 Shayle the Fighter (level 9, -2/96 (100) HPs)
             Began as an Ogre Shapeshifter on Aug 17, 2023.
             Succumbed to a wight's poison
             ... on level 8 of the Dungeon.
             The game lasted 00:20:12 (7233 turns).

Shayle the Fighter (Ogre Shapeshifter)              Turns: 7233, Time: 00:20:14

HP:   -2/96 (100)   AC:  3    Str: 21    XL:     9   Next: 78%
MP:   29/29         EV:  9    Int: 13    God:
Gold: 300           SH:  0    Dex:  9    Spells: 20/23 levels left

rFire   + . .        l - +8 long sword "Ogoh" {freeze, rCorr MP+9}
rCold   . . .        (no shield)
rNeg    . . .        a - +0 animal skin
rPois   .            (helmet currently unavailable)
rElec   .            (cloak currently unavailable)
rCorr   +            (gloves unavailable)
SInv    .            (boots unavailable)
Will    .....        (no amulet)
Stlth   +            (no ring)
HPRegen 0.36/turn    (no ring)
MPRegen 0.21/turn

%: no passive effects
@: lethally poisoned (-2 -> -33), beast-form, lightly drained
A: beast (slay +2), large, unfitting armour, tough skin 1, fire resistance 1,
sturdy frame 1
a: Begin Untransformation


You were on level 8 of the Dungeon.
You were a hulking beast.
You visited 1 branch of the dungeon, and saw 8 of its levels.

You collected 300 gold pieces.

Inventory:

Hand Weapons
 l - the +8 long sword "Ogoh" (weapon) {freeze, rCorr MP+9}
   (You found it on level 2 of the Dungeon)

   MP+9:      It affects your magic capacity (+9).
   rCorr:     It protects you from acid and corrosion.
 m - a +5 falchion
 p - a +2 mace of protection
 s - a +2 heavy hand axe
 w - the +5 spear of Uncomfortable Rashes {flame, Contam Str+6 Dex+5}
   (You found it on level 4 of the Dungeon)

   Str+6:     It affects your strength (+6).
   Dex+5:     It affects your dexterity (+5).
   Contam:    It causes magical contamination when unequipped.
 y - a +0 giant spiked club
Armour
 a - a +0 animal skin (worn)
 e - a +1 hat
 t - a +1 cloak
Talismans
 c - a beast talisman (active)
 d - a flux talisman
Wands
 b - a wand of charming (6)
 o - a wand of flame (9)
Scrolls
 g - a scroll of revelation {unknown}
 h - a scroll of amnesia {unknown}
 j - 4 scrolls of teleportation {unknown}
 k - a scroll of fog {unknown}
 n - 2 scrolls of poison {unknown}
 u - 2 scrolls of enchant weapon {unknown}
 v - 5 scrolls of identify {unknown}
 A - 2 scrolls of noise {unknown}
Potions
 x - a potion of mutation
 z - a potion of resistance


   Skills:
 + Level 9.5 Fighting
 - Level 1.7 Dodging
 + Level 7.1 Unarmed Combat
 + Level 7.7 Spellcasting
 + Level 2.0 Conjurations
 + Level 1.9 Air Magic
 + Level 1.9 Poison Magic
 - Level 3.0 Shapeshifting


You had 20 spell levels left.
You knew the following spells:

 Your Spells              Type           Power      Damage    Failure   Level
a - Mephitic Cloud        Conj/Pois/Air  10%        N/A       19%         3

Your spell library contained the following spells:

 Spells                   Type           Power      Damage    Failure   Level
 Magic Dart               Conj           40%        1d5       6%          1
 Foxfire                  Conj/Fire      28%        2x1d5     10%         1
 Poisonous Vapours        Pois/Air       20%        N/A       10%         2
 Searing Ray              Conj           20%        2d5       10%         2
 Fulminant Prism          Conj/Hex       3%         3d5       67%         4
 Freezing Cloud           Conj/Ice/Air   4%         6-21      92%         5
 Conjure Ball Lightning   Conj/Air       5%         3x3d6     100%        6
 Plasma Beam              Fire/Air       3%         2x1d13    100%        6
 Starburst                Conj/Fire      3%         6d3       100%        6
 Discord                  Hex            2%         N/A       100%        8
 Disjunction              Tloc           2%         N/A       100%        8


Dungeon Overview and Level Annotations

Branches:
Dungeon (8/15)             Temple (0/1) D:7
   Lair: D:8-11

Altars:
Cheibriados
Fedhas
Gozag
Nemelex Xobeh
Okawaru
Qazlal
Ru
Zin

Shops:
D:7 *

Annotations:
D:2 1 runed translucent door, Crazy Yiuf


Innate Abilities, Weirdness & Mutations

You are a hulking beast.
Your limbs bulge with bestial killing power. (Slay +2)
You are too large for most types of armour.
You have tough skin. (AC +1)
Your flesh is heat resistant. (rF+)
Your movements are slightly less encumbered by armour. (ER -2)


Message History

The wight barely misses you.
You closely miss the wight.
The wight is severely damaged.
You feel very sick.
The wight hits you with a +1 dagger of venom.
You feel drained.
You are more poisoned.
You hit the wight.
The wight is severely damaged.
You feel extremely sick.
The wight hits you with a +1 dagger of venom.
You are more poisoned.
You barely miss the wight.
The wight is severely damaged.
You feel extremely sick.
The wight hits you with a +1 dagger of venom.
You are more poisoned.
The wight closely misses you.
You feel very mighty all of a sudden.
You feel extremely sick.
The wight hits you with a +1 dagger of venom.
You are lethally poisoned!
You closely miss the wight.
The wight is severely damaged.
* * * LOW HITPOINT WARNING * * *
You feel extremely sick.
The wight hits you with a +1 dagger of venom!
* * * LOW HITPOINT WARNING * * *
You feel drained.
* * * LOW HITPOINT WARNING * * *
You are more poisoned.
It was a potion of haste.
You feel yourself speed up.
* * * LOW HITPOINT WARNING * * *
You feel extremely sick. The wight closely misses you.
It was a potion of cancellation.
Your magical effects are unravelling.
You feel magically purged.
You feel yourself slow down.
You feel a little less mighty now.
You die...

#.# ... .# ## #.# .# ...
. ..# # ##.# ...!.#.#..
.. #... .#.)....#.# z.#
#..# ..F ...#...# ...#
#..##.#.# .#.# #h##....#
#.... .. ......#.z.....#
#..##.###.##.#.#.##....#
#................# ####
#..####.###.##.#.# ....#
#..####.###.##.#.##....#
#......................#
#.##..########....##...#
#.##.## #..(.# .#


You could see a wight.

Vanquished Creatures
  A hornet (D:8)
  A wyvern (D:6)
  2 black bears
  2 ice beasts (D:4)
  3 sky beasts
  4 ogres
  A scorpion (D:6)
  2 wights (D:7)
  6 killer bees (D:6)
  2 howler monkeys
  4 hounds
  4 jellies
  3 orc wizards
  A sleepcap (D:6)
  Ijyb (D:3)
  3 iguanas
  A gnoll (D:4)
  8 adders
  A white imp (D:6)
  An ufetubus (D:4)
  3 worms
  4 dart slugs
  7 orcs
  10 endoplasms
  6 giant cockroaches
  8 goblins
  5 hobgoblins
  3 jackals
  7 kobolds
  8 ball pythons
  A bat (D:3)
  3 frilled lizards
  2 rats (D:2)
118 creatures vanquished.

Vanquished Creatures (collateral kills)
  A two-headed ogre (D:8)
  A bullfrog (D:8)
2 creatures vanquished.

Vanquished Creatures (others)
  A wight (D:8)
1 creature vanquished.

Grand Total: 121 creatures vanquished

Notes
Turn   | Place    | Note
-------+----------+-------------------------------------------
     0 | D:1      | Shayle the Ogre Shapeshifter began the quest for the Orb.
     0 | D:1      | Reached XP level 1. HP: 19/19 MP: 1/1
   227 | D:1      | Reached XP level 2. HP: 27/28 MP: 1/3
   231 | D:1      | Reached skill level 2 in Fighting
   295 | D:1      | Reached skill level 1 in Spellcasting
   680 | D:1      | Reached XP level 3. HP: 28/36 MP: 4/4
  1031 | D:2      | Identified the +8 long sword "Ogoh" {freeze, rCorr MP+9}
  1130 | D:2      | Found a runed translucent door.
  1131 | D:2      | Noticed Crazy Yiuf
  1596 | D:3      | Noticed Ijyb
  1602 | D:3      | Killed Ijyb
  1603 | D:3      | Reached skill level 3 in Fighting
  1603 | D:3      | Reached XP level 4. HP: 28/45 MP: 7/7
  2291 | D:3      | Found an opulent altar of Gozag.
  2298 | D:3      | Found a faded altar of an unknown god.
  2362 | D:3      | Reached XP level 5. HP: 54/54 MP: 8/8
  2625 | D:4      | Reached skill level 4 in Fighting
  2868 | D:4      | Reached XP level 6. HP: 52/63 MP: 10/10
  2911 | D:4      | Noticed an ice beast
  2922 | D:4      | Killed an ice beast
  2923 | D:4      | Reached skill level 5 in Fighting
  3302 | D:4      | Identified the +5 spear of Uncomfortable Rashes {flame,
                  | Contam Str+6 Dex+5}
  3448 | D:4      | Noticed an ice beast
  3461 | D:4      | Killed an ice beast
  3632 | D:4      | Reached XP level 7. HP: 68/72 MP: 13/13
  3905 | D:5      | Entered Level 5 of the Dungeon
  4138 | D:5      | You fall into a shaft and drop 2 floors!
  4161 | D:7      | Reached skill level 6 in Fighting
  4291 | D:7      | Found a staircase to the Ecumenical Temple.
  4317 | D:6      | Found a sparkling altar of Nemelex Xobeh.
  4541 | D:5      | Reached skill level 5 in Unarmed Combat
  4693 | D:5      | Reached skill level 5 in Spellcasting
  4709 | D:5      | Found a glowing silver altar of Zin.
  4762 | D:5      | Found a blossoming altar of Fedhas.
  4800 | D:5      | Found a stormy altar of Qazlal.
  4843 | D:5      | Reached XP level 8. HP: 84/84 MP: 15/15
  5012 | D:5      | Reached skill level 7 in Fighting
  5488 | D:6      | Found an iron altar of Okawaru.
  5508 | D:6      | Found a snail-covered altar of Cheibriados.
  5513 | D:6      | Found a sacrificial altar of Ru.
  5800 | D:6      | Reached skill level 8 in Fighting
  6026 | D:6      | Noticed a wyvern
  6033 | D:6      | Killed a wyvern
  6034 | D:6      | Reached XP level 9. HP: 87/97 MP: 19/19
  6279 | D:6      | Reached skill level 9 in Fighting
  6333 | D:6      | Learned a level 3 spell: Mephitic Cloud
  6777 | D:7      | Gained mutation: Your movements are slightly less
                  | encumbered by armour. (ER -2) [potion of mutation]
  6777 | D:7      | Gained mutation: Your flesh is heat resistant. (rF+)
                  | [potion of mutation]
  6986 | D:7      | Found Veplorhu's Fire Supplies.
  7062 | D:8      | Noticed a hornet
  7071 | D:8      | Reached skill level 1 in Conjurations
  7071 | D:8      | Reached skill level 1 in Air Magic
  7071 | D:8      | Reached skill level 1 in Poison Magic
  7078 | D:8      | Noticed a two-headed ogre
  7086 | D:8      | Killed a two-headed ogre
  7103 | D:8      | Killed a hornet
  7232 | D:8      | HP: 2/96 [poisoned by a wight]
  7233 | D:8      | Succumbed to a wight's poison

Illustrated notes

Levels and vault maps discovered:
D:1:      dpeg_arrival_shrine, layout_loops_ring
D:2:      layout_rooms, uniq_crazy_yiuf_cottage
D:3:      layout_basic, grunt_gozag_statues, basic_ecumenical_altar, uniq_ijyb
D:4:      layout_loops_cross
D:5:      layout_loops_corners, grunt_temple_overflow_forces_of_nature,
          kennysheep_little_box
D:6:      layout_rooms, nicolae_overflow_macrodata_refinement
D:7:      layout_loops_ring, minmay_temple_entry_overgrown,
          nicolae_shop_fire_sale [nicolae_sub_dead_trees]
D:8:      layout_gridville, erik_lair_island, gammafunk_ghost_wrathful_warriors,
          minmay_diced_spiral, uniq_erica

Skill      XL: |  1  2  3  4  5  6  7  8  9 |
---------------+----------------------------+-----
Fighting       | 2 3 4 5 6 8 9 |  9.5
Spellcasting   | 1 2 3 4 5 6 7 |  7.7
Unarmed Combat | 3 4 5 6 7 |  7.1
Conjurations   | 2 |  2.0
Air Magic      | 1 |  1.9
Poison Magic   | 1 |  1.9
Dodging        | |  1.7
Shapeshifting  | |  3.0

Action                     |  1- 3 |  4- 6 |  7- 9 || total
---------------------------+-------+-------+-------++-------
  Melee: Unarmed           |    65 |       |       ||    65
         Punch             |     2 |     2 |     5 ||     9
         Long sword        |    23 |    97 |   146 ||   266
  Evoke: Wand              |       |       |    15 ||    15
    Use: Potion            |       |       |    13 ||    13
   Stab: Sleeping          |     1 |       |     1 ||     2
 Armour: Animal skin       |    16 |    25 |    35 ||    76
         Skin              |       |       |    42 ||    42
  Dodge: Dodged            |    37 |    42 |    69 ||   148

Table legend: (Time is in decaauts)
 A = Elapsed time spent in this place.
 B = Non-inter-level travel time spent in this place.
 C = Inter-level travel time spent in this place.
 D = Time resting spent in this place.
 E = Time spent auto-exploring this place.
 F = Levels seen in this place.
 G = Mean time per level.
                   A        B        C        D        E       F      G
               +--------+--------+--------+--------+--------+-----+--------+
         Total |   7334 |   7174 |    160 |   1860 |   3848 |   8 |  916.8 |
       Dungeon |   7334 |   7174 |    160 |   1860 |   3848 |   8 |  916.8 |
               +--------+--------+--------+--------+--------+-----+--------+

Top non-repeatable levels by time:
     D:4: 1472 daAuts
     D:6: 1237 daAuts
     D:5: 1179 daAuts
     D:3: 1015 daAuts
     D:1: 887 daAuts
     D:7: 671 daAuts
     D:2: 649 daAuts
     D:8: 220 daAuts
